 Dungeon Crawl Stone Soup version 0.27.0-1-g7a089689b8 (webtiles) character file.

Game seed: 4945002270492016922

315 ZombieSheep the Skirmisher (level 6, -1/85 HPs)
             Began as a Minotaur Monk on Aug 5, 2021.
             Was an Elder of Trog.
             Succumbed to a kobold brigand's poison
             ... on level 3 of the Dungeon.
             The game lasted 00:04:49 (3140 turns).

ZombieSheep the Skirmisher (Minotaur Monk)          Turns: 3140, Time: 00:04:50

Health: -1/85      AC:  6    Str: 17    XL:     6   Next: 19%
Magic:  5/5        EV: 12    Int:  7    God:    Trog [****..]
Gold:   112        SH:  0    Dex: 13    Spells: 5/5 levels left

rFire    . . .     SeeInvis .   a - +0 falchion
rCold    . . .     Faith    .   (no shield)
rNeg     . . .     Spirit   .   c - +0 ring mail
rPois    .         Reflect  .   (helmet restricted)
rElec    .         Harm     .   k - +0 cloak
rCorr    .         Rampage  .   (no gloves)
Will     .....                  (no boots)
Stlth    ..........             (no amulet)
HPRegen  0.24/turn              (no ring)
MPRegen  0.09/turn              (no ring)

@: berserking (expiring), lethally poisoned (-1 -> -18), slowed
A: horns 2, retaliatory headbutt
a: Renounce Religion, Berserk, Trog's Hand, Brothers in Arms


You were on level 3 of the Dungeon.
You worshipped Trog.
Trog was greatly pleased with you.
You visited 1 branch of the dungeon, and saw 3 of its levels.

You collected 112 gold pieces.

Inventory:

Hand Weapons
 a - a +0 falchion (weapon)
Armour
 c - a +0 ring mail (worn)
 k - a +0 cloak (worn)
Scrolls
 d - a scroll of blinking
 e - a scroll of identify
Potions
 b - a potion of flight {unknown}
 f - 2 potions of curing {unknown}
 g - a potion of haste {unknown}
 h - 2 potions of attraction
 i - a potion of brilliance
 j - a potion of resistance {unknown}


   Skills:
 * Level 6.1 Fighting
 + Level 4.9 Long Blades
 + Level 2.9 Armour
 + Level 4.5 Dodging
 - Level 1.5 Stealth


You had 5 spell levels left.
You didn't know any spells.
Your spell library was empty.

Dungeon Overview and Level Annotations

Branches:
Dungeon (3/15)

Altars:
Gozag
Trog
Zin


Innate Abilities, Weirdness & Mutations

You have a pair of horns on your head.
You reflexively headbutt those who attack you in melee.


Message History

You are more poisoned.
You hit the kobold brigand but do no damage.
You feel extremely sick.
The kobold brigand hits you but does no damage.
You are more poisoned.
A red film seems to cover your vision as you go berserk!
You feel yourself moving faster!
You feel mighty!
You feel extremely sick. The kobold brigand closely misses you.
You furiously retaliate!
You headbutt the kobold brigand!!
The kobold brigand hits you with a +1 dagger of venom.
You are lethally poisoned!
You closely miss the kobold brigand.
The kobold brigand is severely wounded.
* * * LOW HITPOINT WARNING * * *
You feel extremely sick.
The kobold brigand completely misses you.
You closely miss the kobold brigand.
Your headbutt misses the kobold brigand.
The kobold brigand is severely wounded.
* * * LOW HITPOINT WARNING * * *
You feel very sick.
The kobold brigand hits you but does no damage.
You are more poisoned.
You closely miss the kobold brigand. You headbutt the kobold brigand!
You kill the kobold brigand!
Trog accepts your kill.
* * * LOW HITPOINT WARNING * * *
You feel extremely sick.
A kobold comes into view. It is wielding a +0 dagger.
Your Fighting skill increases to level 6!
You have reached level 6!
Your experience leads to an increase in your attributes!
Increase (S)trength, (I)ntelligence, or (D)exterity?
You feel stronger.
You are too berserk!
* * * LOW HITPOINT WARNING * * *
You feel very sick.
You feel a strong urge to attack something.
You die...

..... .. ≈#.K##.#...#.###.. #.#..
. .≈#..##.#...#.# #.. #.#.#
.#..≈#..##.#...#.###..
#.#.####.#..##..#≈.#...#......
#.#.##......#..##≈.#...#####..
#.#.##.#.#.##).#≈≈............
####.#........#..##≈≈##....######
..............#..#≈≈≈≈#....#.####
####.####.#####.@#≈≈≈≈#....#....#
#.#..#.# #..#≈≈≈≈#.####.##.#
##....#)#####..##≈≈##.# #.##.#
#..._.#)...###..#≈≈##.# #.##.#
#.....#......#..#≈###.# #.##.#
#..#..#....#.#..#.....# #.##.#
#.†####....#.#..###.######.##..
#..# #.........................
#..# #.......)..###.##......###


There were no monsters in sight!

Vanquished Creatures
  2 kobold brigands (D:3)
  Crazy Yiuf (D:2)
  An orc priest (D:3)
  An orc wizard (D:3)
  An adder (D:2)
  A worm (D:2)
  3 dart slugs
  2 orcs (D:3)
  5 endoplasms
  A giant cockroach (D:3)
  6 goblins
  8 hobgoblins
  14 jackals
  A quokka (D:2)
  8 ball pythons
  5 bats
  5 frilled lizards
  10 kobolds
  3 rats
78 creatures vanquished.

Notes
Turn   | Place    | Note
-------+----------+-------------------------------------------
     0 | D:1      | ZombieSheep the Minotaur Monk began the quest for the Orb.
     0 | D:1      | Reached XP level 1. HP: 19/19 MP: 0/0
   151 | D:1      | Found a faded altar of an unknown god.
   168 | D:1      | Became a worshipper of Trog the Wrathful
   168 | D:1      | Reached * piety under Trog
   168 | D:1      | Reached ** piety under Trog
   331 | D:1      | Reached XP level 2. HP: 27/27 MP: 1/1
   394 | D:1      | Reached skill level 4 in Fighting
   424 | D:1      | Reached *** piety under Trog
   490 | D:1      | Reached skill level 1 in Armour
  1241 | D:2      | Reached XP level 3. HP: 32/33 MP: 2/2
  1727 | D:2      | Reached XP level 4. HP: 41/41 MP: 3/3
  1795 | D:2      | Found a runed translucent door.
  1796 | D:2      | Noticed Crazy Yiuf
  1802 | D:2      | Killed Crazy Yiuf
  2000 | D:3      | Reached skill level 5 in Fighting
  2033 | D:3      | Reached XP level 5. HP: 13/48 MP: 4/4
  2278 | D:3      | Found an opulent altar of Gozag.
  2545 | D:3      | Reached **** piety under Trog
  2900 | D:3      | Found a glowing silver altar of Zin.
  3139 | D:3      | Reached skill level 6 in Fighting
  3139 | D:3      | Reached XP level 6. HP: 8/57 MP: 5/5
  3139 | D:3      | HP: 3/85 [poisoned by a kobold brigand]
  3140 | D:3      | Succumbed to a kobold brigand's poison

Illustrated notes

Levels and vault maps discovered:
D:1:      minmay_arrival_doors, layout_loops_cross, basic_ecumenical_altar
D:2:      layout_rooms, uniq_crazy_yiuf_cottage
D:3:      cheibrodos_thug_alley, layout_basic, mainiacjoe_overflow_alcove_1,
          grunt_gozag_statues, kennysheep_nondescript

Skill      XL: |  1  2  3  4  5 |
---------------+----------------+-----
Fighting       | 4 5 6 |  6.1
Armour         | 1 2 |  2.9
Long Blades    | 4 |  4.9
Dodging        | 4 |  4.5
Stealth        | |  1.5

Action                   |  1- 3 |  4- 6 || total
-------------------------+-------+-------++-------
Melee: Falchion          |   101 |    79 ||   180
       Headbutt          |    17 |    14 ||    31
Invok: Berserk           |       |     4 ||     4
  Use: Scroll            |     5 |     2 ||     7
Armor: Ring mail         |    33 |    23 ||    56
Dodge: Dodged            |    67 |    44 ||   111
       Rpst.: Falchion   |    23 |     6 ||    29
